 Dungeon Crawl Stone Soup version 0.23.0 (webtiles) character file.

Game seed: 10483758231196175973

15 doot the Conjurer (level 2, -8/20 HPs)
             Began as a Draconian Conjurer on Feb 12, 2019.
             Mangled by a kobold
             ... wielding a +1 whip of electrocution
              (20 damage)
             ... on level 3 of the Dungeon.
             The game lasted 00:02:12 (596 turns).

doot the Conjurer (Draconian Conjurer)               Turns: 596, Time: 00:02:12

Health: -8/20      AC:  4    Str: 10    XL:     2   Next: 34%
Magic:  5/5        EV: 12    Int: 15    God:
Gold:   28         SH:  0    Dex: 11    Spells: 2/5 levels left

rFire    . . .     SeeInvis .   d - +0 whip
rCold    . . .     Gourm    .   (no shield)
rNeg     . . .     Faith    .   (armour unavailable)
rPois    .         Spirit   .   (helmet restricted)
rElec    .         Reflect  .   (no cloak)
rCorr    .         Harm     .   (no gloves)
MR       .....                  (no boots)
Stlth    ++........             (no amulet)
HPRegen  0.06/turn              (no ring)
MPRegen  0.09/turn              (no ring)

@: no status effects
A: unfitting armour, cold-blooded, AC +4
a: no special abilities


You were on level 3 of the Dungeon.
You were not hungry.

You visited 1 branch of the dungeon, and saw 3 of its levels.

You collected 28 gold pieces.

Inventory:

Hand Weapons
 d - a +0 whip (weapon)
Scrolls
 c - a scroll of magic mapping {unknown}
 e - a scroll of remove curse
 f - a scroll of immolation {unknown}
Potions
 g - a potion of invisibility {unknown}
Comestibles
 a - 2 chunks of flesh
 b - 3 rations


   Skills:
 + Level 1.8 Dodging
 + Level 2.0 Stealth
 + Level 2.2 Spellcasting
 + Level 4.4 Conjurations


You had 2 spell levels left.
You knew the following spells:

 Your Spells              Type           Power        Failure   Level  Hunger
a - Magic Dart            Conj           ##..         3%          1    #......
b - Searing Ray           Conj           ##....       5%          2    ###....

Your spell library contained the following spells:

 Spells                   Type           Power        Failure   Level  Hunger
 Dazzling Spray           Conj/Hex       #.....       26%         3    ###....
 Iskenderun's Mystic Bla  Conj           ##......     34%         4    #####..
 Force Lance              Conj/Tloc      #.......     65%         4    #####..
 Fulminant Prism          Conj/Hex       #.........   65%         4    #####..


Dungeon Overview and Level Annotations

Branches:
Dungeon (3/15)

Altars:
Elyvilon
Fedhas
Makhleb
Ru
Yredelemnul

Annotations:
D:3 Ijyb


Innate Abilities, Weirdness & Mutations

Your plain brown scales are hard. (AC +4)
You cannot fit into any form of body armour.
You are cold-blooded and may be slowed by cold attacks.


Message History

Ijyb zaps a wand.
The puff of flame hits you but does no damage.
There is a stone staircase leading up here.
You climb upwards.
There is a stone staircase leading down here.
There is a stone staircase leading down here.
g - a bubbling red potion
There is a stone staircase leading down here.
You can't go up here!
Some of the chunks of flesh in your inventory have rotted away.
You climb downwards.
Level annotation: Ijyb 2 goblins come into view.
The kobold shouts!
The orc shouts!
The orc wizard shouts!
The orc wizard gestures at you while chanting.
The puff of flame hits you.
The kobold hits you with a +1 whip of electrocution.
You are electrocuted!!
Ouch! That really hurt!
You die...

## . .#
###.#
##...#
#.@..#
#K.......#
#o.gg#####
#....#
#....#
#.o..#
#.....
......#


You could see an orc wizard, an orc, 2 goblins and a kobold.

Vanquished Creatures
  A worm (D:2)
  A dart slug (D:2)
  An orc (D:2)
  A bat (D:1)
  3 hobgoblins (D:1)
  A kobold (D:1)
8 creatures vanquished.

Notes
Turn   | Place    | Note
-------+----------+-------------------------------------------
     0 | D:1      | doot the Draconian Conjurer began the quest for the Orb.
     0 | D:1      | Reached XP level 1. HP: 14/14 MP: 3/3
   293 | D:3      | Noticed an orc wizard
   353 | D:1      | Reached XP level 2. HP: 20/20 MP: 0/5
   410 | D:1      | Learned a level 2 spell: Searing Ray
   438 | D:2      | Found a blossoming altar of Fedhas.
   438 | D:2      | Found a basalt altar of Yredelemnul.
   443 | D:2      | Found a burning altar of Makhleb.
   445 | D:2      | Found a white marble altar of Elyvilon.
   447 | D:2      | Found a sacrificial altar of Ru.
   559 | D:3      | Noticed Ijyb
   596 | D:3      | Mangled by a kobold

Skill      XL: |  1  2 |
---------------+-------+-----
Stealth        | 2 |  2.0
Dodging        | |  1.8
Spellcasting   | |  2.2
Conjurations   | |  4.4

Action                   || total
-------------------------++-------
Melee: Tailslap          ||     2
       Unarmed           ||     1
       Whip              ||     2
 Cast: Magic Dart        ||    18
       Searing Ray       ||     1
  Use: Scroll            ||     3
 Stab: Sleeping          ||     1
Armor: Skin              ||     2
Dodge: Dodged            ||     2
